 Dungeon Crawl Stone Soup version 0.27-a0-366-g8badd94918 (webtiles) character file.

Game seed: 7033220589566443735

613 djmy96 the Shield-Bearer (level 7, -2/54 HPs)
             Began as a Formicid Fighter on Feb 17, 2021.
             Slain by a jackal (3 damage)
             ... on level 4 of the Dungeon.
             The game lasted 00:07:45 (5076 turns).

djmy96 the Shield-Bearer (Formicid Fighter)         Turns: 5076, Time: 00:07:46

Health: -2/54      AC: 11    Str: 23    XL:     7   Next: 72%
Magic:  7/7        EV:  8    Int:  7    God:
Gold:   301        SH: 20    Dex: 10    Spells: 6/6 levels left

rFire    . . .     SeeInvis +   a - +0 long sword
rCold    . . .     Faith    .   g - +0 tower shield
rNeg     . . .     Spirit   .   b - +0 scale mail
rPois    .         Reflect  +   (helmet unavailable)
rElec    .         Harm     .   q - +0 cloak
rCorr    .         Rampage  .   (no gloves)
Will     .....                  p - +2 pair of boots
Stlth    ..........             y - amulet of reflection
HPRegen  0.18/turn              (no ring)
MPRegen  0.10/turn              u - ring of wizardry

@: no status effects
A: permanent stasis, dig shafts and tunnels, four strong arms, antennae 3
a: Dig, Shaft Self


You were on level 4 of the Dungeon.
You visited 1 branch of the dungeon, and saw 4 of its levels.

You collected 301 gold pieces.

Inventory:

Hand Weapons
 a - a +0 long sword (weapon)
Missiles
 t - 5 poisoned darts
Armour
 b - a +0 scale mail (worn)
 c - a +0 kite shield
 g - a +0 tower shield (worn)
 p - a +2 pair of boots (worn)
 q - a +0 cloak (worn)
Jewellery
 o - a ring of ice
 u - a ring of wizardry (right hand)
 y - an amulet of reflection (around neck)
Wands
 r - a wand of flame (47)
Scrolls
 e - 4 scrolls of identify {unknown}
 h - a scroll of magic mapping {unknown}
 i - a scroll of random uselessness {unknown}
 k - a scroll of fear {unknown}
 n - a scroll of amnesia {unknown}
 v - a scroll of immolation {unknown}
 x - a scroll of teleportation {unknown}
 A - a scroll of fog {unknown}
Potions
 d - a potion of might
 f - a potion of experience {unknown}
 j - 3 potions of heal wounds
 l - a potion of berserk rage {unknown}
 m - a potion of degeneration {unknown}
 s - a potion of brilliance {unknown}
 w - a potion of flight {unknown}
 z - a potion of haste {unknown}


   Skills:
 + Level 4.1 Fighting
 + Level 4.3 Long Blades
 + Level 5.0 Armour
 + Level 2.7 Dodging
 + Level 0.7 Stealth
 + Level 6.0 Shields


You had 6 spell levels left.
You didn't know any spells.
Your spell library contained the following spells:

 Spells                   Type           Power        Failure   Level
 Beastly Appendage        Tmut           0%           95%         1
 Wereblood                Tmut           0%           98%         2
 Spider Form              Tmut/Pois      0%           100%        3
 Ice Form                 Ice/Tmut       0%           100%        4
 Blade Hands              Tmut           0%           100%        5


Dungeon Overview and Level Annotations

Branches:
Dungeon (4/15)
 Temple: D:4-7

Altars:

Annotations:
D:3 Eustachio


Innate Abilities, Weirdness & Mutations

You cannot be hasted, slowed, berserked, paralysed or teleported.
You can dig through walls and to a lower floor.
Your four strong arms can wield two-handed weapons with a shield.
You have a pair of large antennae on your head. (SInv)


Message History

The orc priest is moderately wounded.
You block the jackal's attack. The jackal bites you.
You block the orc priest's attack.
The quokka bites you but does no damage.
You block the jackal's attack. The jackal completely misses you.
The orc priest hits you but does no damage.
You barely miss the orc priest.
The orc priest is moderately wounded.
You block the quokka's attack. The jackal completely misses you.
The jackal bites you but does no damage.
You block the orc priest's attack. You block the quokka's attack.
You block the jackal's attack. x2
Unknown command.
The orc priest blocks your attack.
The orc priest is moderately wounded.
You block the jackal's attack. You block the quokka's attack.
The jackal bites you but does no damage.
The orc priest calls down the wrath of Beogh upon you.
Beogh smites you!
* * * LOW HITPOINT WARNING * * *
You block the jackal's attack. The quokka barely misses you.
You riposte.
You closely miss the quokka.
The jackal bites you but does no damage.
The orc priest hits you.
* * * LOW HITPOINT WARNING * * *
The orc priest blocks your attack.
The orc priest is moderately wounded.
You block the jackal's attack.
The jackal bites you but does no damage.
You block the quokka's attack. The orc priest hits you.
* * * LOW HITPOINT WARNING * * *
The jackal bites you but does no damage. x2
The quokka bites you.
* * * LOW HITPOINT WARNING * * *
The orc priest blocks your attack.
The orc priest is moderately wounded.
You block the jackal's attack. x2; The orc priest closely misses you.
The quokka bites you but does no damage.
The jackal bites you.
You die...

#.# ............###.#>#####
#.###
..............##.#.#)##
#...#
...............#)#..#.#
######
......"........#.#.#####
.....#
....8..8.......#.#.....^
######
.....≈≈........'.#######
#### .....≈§........'.# #
...# ....8.o8.......#.# #
##.# .....hr@.......#.## #
#†### ......hh.......#..#
#<..# ..............###.#
##### .....(.......##...#
#########?...........#####.#
# ........##..........## #.#
# ###########........####
#.# ### ###########..# #.#
#.. #..# ##...##.# #.# #.#


You could see an orc priest, a quokka and 3 jackals.

Vanquished Creatures
  A phantom (D:4)
  A howler monkey (D:4)
  4 orc priests (D:4)
  A bullfrog skeleton (D:4)
  6 orc wizards
  3 worker ants (D:4)
  A howler monkey skeleton (D:4)
  2 adders
  A worm (D:2)
  A dart slug (D:4)
  A leopard gecko (D:3)
  20 orcs
  8 bats
  3 giant cockroaches
  9 goblins
  9 hobgoblins
  7 jackals
  4 frilled lizards
  5 kobolds
  A leopard gecko skeleton (D:4)
  A quokka skeleton (D:4)
  8 rats
97 creatures vanquished.

Notes
Turn   | Place    | Note
-------+----------+-------------------------------------------
     0 | D:1      | djmy96 the Formicid Fighter began the quest for the Orb.
     0 | D:1      | Reached XP level 1. HP: 18/18 MP: 1/1
   122 | D:1      | Reached XP level 2. HP: 24/24 MP: 2/2
   388 | D:1      | Reached XP level 3. HP: 29/29 MP: 3/3
  1300 | D:2      | Reached skill level 1 in Dodging
  1300 | D:2      | Reached XP level 4. HP: 34/36 MP: 4/4
  1652 | D:2      | Reached skill level 4 in Shields
  2667 | D:3      | Reached XP level 5. HP: 23/42 MP: 5/5
  2696 | D:3      | HP: 2/42 [poisoned by an orc]
  2999 | D:4      | Noticed an ogre
  3411 | D:4      | Noticed a phantom
  3478 | D:4      | Killed a phantom
  3479 | D:4      | Reached XP level 6. HP: 43/48 MP: 6/6
  3611 | D:4      | Reached skill level 5 in Shields
  4095 | D:4      | Noticed Eustachio
  4145 | D:3      | Reached XP level 7. HP: 33/53 MP: 7/7
  4762 | D:4      | Reached skill level 6 in Shields
  4846 | D:4      | Reached skill level 5 in Armour
  5075 | D:4      | HP: 2/54 [orc priest (3)]
  5076 | D:4      | Slain by a jackal

Illustrated notes

Levels and vault maps discovered:
D:1:      nicolae_arrival_washed_ashore, layout_loops_cross,
          minmay_misc_feat_room
D:2:      layout_basic
D:3:      layout_loops_ring, due_unseen_surprise
D:4:      kennysheep_big_flooded_room, layout_loops_ring, uniq_eustachio

Skill      XL: |  1  2  3  4  5  6  7 |
---------------+----------------------+-----
Armour         | 4 5 |  5.0
Dodging        | 1 2 |  2.7
Shields        | 4 5 6 |  6.0
Long Blades    | 3 4 |  4.3
Fighting       | 4 |  4.1
Stealth        | |  0.7

Action                   |  1- 3 |  4- 6 |  7- 9 || total
-------------------------+-------+-------+-------++-------
Melee: Long sword        |   126 |   178 |   125 ||   429
 Abil: Dig               |       |     3 |     3 ||     6
Armor: Scale mail        |    57 |    78 |    61 ||   196
Dodge: Dodged            |    41 |    37 |    28 ||   106
Block: Kite shield       |    12 |       |       ||    12
       Tower shield      |    82 |   193 |   153 ||   428
       Reflection        |       |     1 |       ||     1
       Rpst.: Long sword |    16 |    15 |     8 ||    39

Table legend: (Time is in decaauts)
 A = Elapsed time spent in this place.
 B = Non-inter-level travel time spent in this place.
 C = Inter-level travel time spent in this place.
 D = Time resting spent in this place.
 E = Time spent auto-exploring this place.
 F = Levels seen in this place.
 G = Mean time per level.
                   A        B        C        D        E       F      G
               +--------+--------+--------+--------+--------+-----+--------+
         Total |   5333 |   5142 |    191 |    213 |   3658 |   4 | 1333.2 |
       Dungeon |   5333 |   5142 |    191 |    213 |   3658 |   4 | 1333.2 |
               +--------+--------+--------+--------+--------+-----+--------+

Top non-repeatable levels by time:
     D:3: 1635 daAuts
     D:4: 1490 daAuts
     D:2: 1191 daAuts
     D:1: 1015 daAuts
